 Dungeon Crawl Stone Soup version 0.30-a0-652-gcc886f7154 (webtiles) character file.

Game seed: 4455834671427284876

1133 Dittersdorf the Shield-Bearer (level 8, -8/51 HPs)
             Began as a Gargoyle Fighter on Jan 17, 2023.
             Was an Initiate of Okawaru.
             Killed from afar by Maggie (22 damage)
             ... with a bolt of fire
             ... on level 6 of the Dungeon.
             The game lasted 00:05:53 (4344 turns).

Dittersdorf the Shield-Bearer (Gargoyle Fighter)    Turns: 4344, Time: 00:05:54

Health: -8/51      AC: 15    Str: 23    XL:     8   Next: 36%
Magic:  8/8        EV:  9    Int:  8    God:    Okawaru [......]
Gold:   351        SH:  5    Dex:  9    Spells: 7/7 levels left

rFire   . . .      SeeInvis .    a - +0 flail
rCold   + . .      Faith    .    c - +0 buckler
rNeg    + . .      Spirit   .    b - +0 scale mail
rPois   ∞          Reflect  .    j - +0 helmet
rElec   +          Harm     .    (no cloak)
rCorr   .          Rampage  .    (no gloves)
Will    .....                    s - +0 pair of boots Stlth
                                 p - amulet of the acrobat
HPRegen 0.28/turn                i - ring of protection from cold
MPRegen 0.11/turn                (no ring)

@: mesmerised
A: sickness immunity, AC +5, negative energy resistance 1, electricity
resistance, torment resistance 1, petrification resistance
a: Renounce Religion


You were on level 6 of the Dungeon.
You worshipped Okawaru.
Okawaru was noncommittal.
You visited 1 branch of the dungeon, and saw 6 of its levels.

You collected 351 gold pieces.

Inventory:

Hand Weapons
 a - a +0 flail (weapon)
Armour
 b - a +0 scale mail (worn)
 c - a +0 buckler (worn)
 j - a +0 helmet (worn)
 s - a +0 pair of boots (worn)
Jewellery
 d - a ring of fire
 i - a ring of protection from cold (left hand)
 p - an amulet of the acrobat (around neck)
Scrolls
 e - a scroll of enchant weapon {unknown}
 h - a scroll of silence {unknown}
 l - a scroll of poison {unknown}
 m - a scroll of magic mapping {unknown}
 o - a scroll of blinking
 r - a scroll of amnesia {unknown}
 t - a scroll of fog
 w - a scroll of enchant armour {unknown}
Potions
 f - a potion of invisibility {unknown}
 g - 2 potions of magic {unknown}
 k - 2 potions of brilliance
 n - a potion of curing
 q - a potion of berserk rage
 u - a potion of lignification {unknown}
 x - a potion of resistance {unknown}


   Skills:
 + Level 6.1 Fighting
 + Level 5.2 Maces & Flails
 + Level 6.1 Armour
 + Level 6.2 Shields


You had 7 spell levels left.
You didn't know any spells.
Your spell library contained the following spells:

 Spells                   Type           Power      Damage    Failure   Level
 Poisonous Vapours        Pois/Air       0%         N/A       89%         2
 Mephitic Cloud           Conj/Pois/Air  0%         N/A       98%         3
 Cigotuvi's Dreadful Rot  Necr/Pois/Air  Unusable   N/A       N/A         2

Dungeon Overview and Level Annotations

Branches:
Dungeon (6/15)             Temple (0/1) D:5

Altars:
Kikubaaqudgha
Okawaru
Trog
Wu Jian
Xom
Zin

Shops:
D:5 [

Annotations:
D:6 Maggie


Innate Abilities, Weirdness & Mutations

You are immune to sickness and miasma.
Your stone body is resilient. (AC +5)
You are immune to poison.
You resist negative energy. (rN+)
You are resistant to electric shocks. (rElec)
You are resistant to unholy torment.
You are immune to petrification.


Message History

You closely miss Maggie.
Maggie is heavily wounded.
Maggie closely misses you.
You barely miss Maggie.
Maggie is heavily wounded.
Maggie gestures at you while chanting. The bolt of fire hits you!
You hit Maggie but do no damage.
Maggie is heavily wounded.
Maggie hits you but does no damage.
You closely miss Maggie.
Maggie is heavily wounded.
Maggie points at you and mumbles some strange words.
The bolt of fire hits you!
Maggie says, "Have you seen any dragons?"
Maggie mumbles some strange words.
Maggie attempts to bespell you!
You are mesmerised by Maggie!
You hit Maggie.
Maggie is severely wounded.
Maggie looks more healthy.
Maggie gestures wildly while chanting.
Maggie draws you further into her thrall.
You closely miss Maggie.
Maggie is severely wounded.
Maggie barely misses you.
You sock Maggie!
Maggie is almost dead.
Maggie hits you with a +0 morningstar.
* * * LOW HITPOINT WARNING * * *
You closely miss Maggie.
Maggie is almost dead.
Maggie points at you and mumbles some strange words.
The bolt of fire hits you.
* * * LOW HITPOINT WARNING * * *
You hit Maggie but do no damage.
Maggie is almost dead.
Maggie points at you and mumbles some strange words.
The bolt of fire hits you!!
You die...

# #. ####.## ####
.......#### #...
..........## #.##
##...#.#.## #.#
######.###.#####.#
#@@...## ##......##
.(...(.####.###.####....
(...### ##.#.## ##.##
### ##.#######.#
#.........# ###########


You could see Maggie (mesmerising).

Vanquished Creatures
  Sigmund (D:2)
  Menkaure (D:5)
  2 black bears
  An ogre (D:4)
  Blork the orc (D:4)
  2 necrophages
  An orc priest (D:3)
  A gnoll bouda (D:2)
  2 hounds (D:4)
  An iguana (D:4)
  An orc wizard (D:4)
  Robin (D:2)
  9 adders
  4 gnolls
  An ufetubus (D:5)
  A worm (D:2)
  4 dart slugs
  7 orcs
  6 ball pythons
  6 endoplasms
  2 giant cockroaches (D:1)
  14 goblins
  11 hobgoblins
  3 jackals (D:1)
  9 kobolds
  6 quokkas
  2 bats (D:1)
  2 frilled lizards
  2 rats (D:3)
104 creatures vanquished.

Vanquished Creatures (others)
  A fungus (D:1)
1 creature vanquished.

Grand Total: 105 creatures vanquished

Notes
Turn   | Place    | Note
-------+----------+-------------------------------------------
     0 | D:1      | Dittersdorf the Gargoyle Fighter began the quest for the
                  | Orb.
     0 | D:1      | Reached XP level 1. HP: 14/14 MP: 1/1
   161 | D:1      | Reached XP level 2. HP: 19/19 MP: 2/2
   457 | D:1      | Reached XP level 3. HP: 18/23 MP: 3/3
   972 | D:2      | Found a bloodstained altar of Trog.
  1430 | D:2      | Noticed Sigmund
  1430 | D:2      | Noticed Robin
  1446 | D:2      | Killed Sigmund
  1447 | D:2      | Reached XP level 4. HP: 18/30 MP: 4/4
  1447 | D:2      | Reached XP level 5. HP: 20/34 MP: 5/5
  1457 | D:2      | Reached XP level 6. HP: 20/39 MP: 6/6
  1477 | D:2      | Killed Robin
  2252 | D:3      | Found an ornate altar of the Wu Jian Council.
  2346 | D:3      | Found an ancient bone altar of Kikubaaqudgha.
  2387 | D:3      | Found a shimmering altar of Xom.
  2514 | D:4      | Noticed a black bear
  2518 | D:4      | Noticed Blork the orc
  2519 | D:4      | Killed a black bear
  2520 | D:4      | Reached skill level 5 in Fighting
  2520 | D:4      | Reached skill level 5 in Armour
  2520 | D:4      | Reached skill level 5 in Shields
  2520 | D:4      | Reached XP level 7. HP: 41/44 MP: 7/7
  2525 | D:4      | Killed Blork the orc
  3545 | D:5      | Entered Level 5 of the Dungeon
  3545 | D:5      | Found a glowing silver altar of Zin.
  3545 | D:5      | Found Cunga's Armour Boutique.
  3654 | D:4      | Reached XP level 8. HP: 51/51 MP: 8/8
  3667 | D:5      | Found an iron altar of Okawaru.
  3675 | D:5      | Became a worshipper of Warmaster Okawaru
  3774 | D:5      | Noticed Menkaure
  3785 | D:5      | Killed Menkaure
  3786 | D:5      | Reached skill level 5 in Maces & Flails
  3956 | D:5      | Found a staircase to the Ecumenical Temple.
  4321 | D:6      | Noticed Maggie
  4344 | D:6      | Killed from afar by Maggie

Illustrated notes

Levels and vault maps discovered:
D:1:      dpeg_cavernosity, layout_loops_cross, ebering_dispersal_statue_hall,
          st_stairs_14
D:2:      layout_loops_ring, basic_altar, uniq_sigmund, uniq_robin
D:3:      layout_basic, pdpol_wu_jian_five_deadly_venoms,
          mainiacjoe_overflow_big_doors
D:4:      layout_loops_corners, uniq_blork_the_orc
D:5:      layout_basic, mainiacjoe_overflow_tiny_flanked, okawaru_trees_1,
          minmay_temple_entry_statues_fountains, serial_shops,
          nicolae_shop_advertising_works [nicolae_subvault_shop_adworks],
          uniq_menkaure
D:6:      layout_loops_ring, uniq_maggie

Skill      XL: |  1  2  3  4  5  6  7  8 |
---------------+-------------------------+-----
Fighting       | 4 5 6 |  6.1
Maces & Flails | 3 4 5 |  5.2
Armour         | 4 5 6 |  6.1
Shields        | 4 5 6 |  6.2

Action                   |  1- 3 |  4- 6 |  7- 9 || total
-------------------------+-------+-------+-------++-------
Melee: Flail             |   160 |   102 |   156 ||   418
Throw: Dart              |       |       |     6 ||     6
  Use: Potion            |     1 |       |       ||     1
       Scroll            |       |     4 |     2 ||     6
Armor: Scale mail        |   119 |    55 |    86 ||   260
Dodge: Dodged            |   114 |    50 |    78 ||   242
Block: Buckler           |    61 |    36 |    35 ||   132
       Reflection        |     1 |       |       ||     1

Table legend: (Time is in decaauts)
 A = Elapsed time spent in this place.
 B = Non-inter-level travel time spent in this place.
 C = Inter-level travel time spent in this place.
 D = Time resting spent in this place.
 E = Time spent auto-exploring this place.
 F = Levels seen in this place.
 G = Mean time per level.
                   A        B        C        D        E       F      G
               +--------+--------+--------+--------+--------+-----+--------+
         Total |   4461 |   4205 |    256 |    262 |   2963 |   6 |  743.5 |
       Dungeon |   4461 |   4205 |    256 |    262 |   2963 |   6 |  743.5 |
               +--------+--------+--------+--------+--------+-----+--------+

Top non-repeatable levels by time:
     D:4: 1141 daAuts
     D:1: 1039 daAuts
     D:2: 997 daAuts
     D:3: 574 daAuts
     D:5: 542 daAuts
     D:6: 166 daAuts
